 Dungeon Crawl Stone Soup version 0.28.0-1-gb440e238dd (webtiles) character file.

Game seed: 6609137481224127735

9634 Snicker the Spear-Bearer (level 11, -4/83 HPs)
             Began as a Demonspawn Delver on Feb 20, 2022.
             Was an Elder of Okawaru.
             Slain by PerfectTommy's ghost (17 damage)
             ... on level 11 of the Dungeon.
             The game lasted 00:28:56 (11074 turns).

Snicker the Spear-Bearer (Demonspawn Delver)       Turns: 11074, Time: 00:28:56

Health: -4/83      AC: 21    Str: 13    XL:     11   Next: 25%
Magic:  10/14      EV: 13    Int: 13    God:    Okawaru [****..]
Gold:   1922       SH:  0    Dex: 17    Spells: 3/10 levels left

rFire   + . .      SeeInvis .   h - +10 trident of the Imperium {speed, Will+}
rCold   + . .      Faith    .   (no shield)
rNeg    . . .      Spirit   .   C - +0 acid dragon scales
rPois   .          Reflect  .   I - +0 helmet
rElec   +          Harm     .   v - +1 cloak
rCorr   +          Rampage  +   N - +1 pair of gloves of Space {Rampage +Inv rElec rF+}
Will    +....                   j - +1 pair of boots
Stlth   ++++......              o - amulet of the acrobat
HPRegen 0.23/turn               J - ring of protection from cold
MPRegen 0.14/turn               (no ring)

@: about to teleport, finesse-ful, sanguine armoured
A: hooves 1, ignite blood 2, spiny 2, sanguine armour 1, wild magic 2
a: Renounce Religion, Evoke Invisibility, Heroism, Finesse


You were on level 11 of the Dungeon.
You worshipped Okawaru.
Okawaru was greatly pleased with you.
You visited 2 branches of the dungeon, and saw 12 of its levels.
You also visited: Bailey.

You collected 1922 gold pieces.

Inventory:

Hand Weapons
 a - a +0 short sword of flaming
 h - the +10 trident of the Imperium (weapon) {speed, Will+}
   (You found it on level 7 of the Dungeon)

   Attacks with this weapon are significantly faster.
   Will:      It increases your willpower.
 i - the +6 dagger of Thoughtfulness {protect, Drain rF+ rC+}
   (You found it on level 7 of the Dungeon)

   It grants its wielder temporary protection when it strikes (+7 to AC).
   rF:        It protects you from fire.
   rC:        It protects you from cold.
   Drain:     It drains your maximum health when unequipped.
 n - the +8 short sword of Doom {vorpal, Will+ rCorr Int+2}
   (You took it off Grum in a bailey)

   It inflicts extra damage upon your enemies.
   Int:       It affects your intelligence (+2).
   rCorr:     It protects you from acid and corrosion.
   Will:      It increases your willpower.
 u - a +5 quarterstaff of chaos
Missiles
 b - 2 atropa-tipped darts
 p - 18 poisoned darts
 z - 6 datura-tipped darts
 K - 11 throwing nets (quivered)
Armour
 j - a +1 pair of boots (worn)
 v - a +1 cloak (worn)
 y - a +4 scale mail of fire resistance
 A - an orb of wrath
 C - +0 acid dragon scales (worn)
 D - +0 steam dragon scales
 I - a +0 helmet (worn)
 N - the +1 pair of gloves of Space (worn) {Rampage +Inv rElec rF+}
   (Okawaru gifted it to you on level 10 of the Dungeon)

   rF:        It protects you from fire.
   rElec:     It insulates you from electricity.
   +Inv:      It lets you turn invisible.
   Rampage:   It bestows one free step when moving towards enemies.
Jewellery
 o - an amulet of the acrobat (around neck)
 q - an amulet of magic regeneration
 B - an amulet of guardian spirit
 J - a ring of protection from cold (left hand)
Wands
 g - a wand of digging (3)
 t - a wand of mindburst (15)
 F - a wand of paralysis (3)
 H - a wand of polymorph (6)
 M - a wand of flame (15)
Scrolls
 c - 3 scrolls of fog
 d - 3 scrolls of magic mapping
 e - a scroll of fear
 k - 7 scrolls of identify
 l - 5 scrolls of immolation
 r - 4 scrolls of teleportation
 s - a scroll of enchant armour
 x - 2 scrolls of amnesia
 E - 3 scrolls of holy word {unknown}
Potions
 f - 2 potions of haste
 m - 2 potions of berserk rage
 w - 4 potions of curing
 G - 2 potions of cancellation
 L - a potion of might
 O - a potion of brilliance
 P - a potion of ambrosia


   Skills:
 + Level 6.4 Fighting
 + Level 2.5 Short Blades
 + Level 11.3 Polearms
 + Level 0.4 Throwing
 + Level 4.6 Armour
 + Level 3.5 Dodging
 + Level 9.3 Stealth
 * Level 2.2 Air Magic
 * Level 4.1 Invocations


You had 3 spell levels left.
You knew the following spells:

 Your Spells              Type           Power      Damage    Failure   Level
a - Stone Arrow           Conj/Erth      0%         3d7       89%         3
b - Foxfire               Conj/Fire      0%         2x1d4     58%         1
c - Swiftness             Air            9%         N/A       63%         3

Your spell library contained the following spells:

 Spells                   Type           Power      Damage    Failure   Level
 Apportation              Tloc           0%         N/A       58%         1
 Beastly Appendage        Tmut           0%         N/A       58%         1
 Magic Dart               Conj           0%         1d3       58%         1
 Ensorcelled Hibernation  Hex/Ice        0%         N/A       71%         2
 Passwall                 Tmut/Erth      0%         N/A       71%         2
 Wereblood                Tmut           0%         N/A       71%         2
 Conjure Flame            Conj/Fire      0%         6-21      89%         3
 Gell's Gravitas          Tloc           0%         N/A       89%         3
 Inner Flame              Hex/Fire       0%         N/A       89%         3
 Lesser Beckoning         Tloc           0%         N/A       89%         3
 Spider Form              Tmut/Pois      0%         N/A       89%         3
 Teleport Other           Tloc           0%         N/A       89%         3
 Flame Wave               Conj/Fire      0%         2d4       99%         4
 Petrify                  Tmut/Erth      0%         N/A       99%         4
 Alistair's Intoxication  Tmut/Pois      0%         N/A       100%        5
 Borgnjor's Vile Clutch   Necr/Erth      0%         N/A       100%        5
 Fireball                 Conj/Fire      0%         3d3       100%        5
 Iskenderun's Battlesphe  Conj           0%         2d6       100%        5
 Conjure Ball Lightning   Conj/Air       2%         3x3d6     100%        6
 Eringya's Noxious Bog    Tmut/Pois      0%         N/A       100%        6
 Iron Shot                Conj/Erth      0%         9d1       100%        6
 Starburst                Conj/Fire      0%         6d3       100%        6
 Orb of Destruction       Conj           0%         9d5       100%        7
 Lehudib's Crystal Spear  Conj/Erth      0%         10d2      100%        8
 Animate Skeleton         Necr           Unusable   N/A       N/A         1
 Summon Small Mammal      Summ           Unusable   N/A       N/A         1
 Animate Armour           Summ/Erth      Unusable   N/A       N/A         4

Dungeon Overview and Level Annotations

Branches:
Dungeon (11/15)            Temple (1/1) D:4          Bailey (visited)
   Lair: D:8-11         Orc: D:9-12

Altars:
Ashenzari
Cheibriados
Dithmenos
Elyvilon
Fedhas
Gozag
Hepliaklqana
Kikubaaqudgha
Makhleb
Nemelex Xobeh
Okawaru
Qazlal
Ru
Sif Muna
Trog
Uskayaw
Vehumet
Wu Jian
Xom
Yredelemnul
Zin
The Shining One

Shops:
D:5 =   D:6 *

Annotations:
D:11 PerfectTommy's ghost, journeyman MiBe


Innate Abilities, Weirdness & Mutations

You have large cloven feet.
Your demonic aura often causes spilled blood to erupt in flames.
You are mostly covered in sharp spines.
When seriously injured, your blood forms armour. (AC +6)
Your spells are harder to cast, but more powerful.


Message History

PerfectTommy's ghost is lightly damaged.
You hit PerfectTommy's ghost but do no damage.
PerfectTommy's ghost is lightly damaged.
The ice beast hits you but does no damage.
PerfectTommy's ghost is struck by your spines.
PerfectTommy's ghost closely misses you.
You hit PerfectTommy's ghost.
PerfectTommy's ghost is moderately damaged.
You closely miss PerfectTommy's ghost.
PerfectTommy's ghost is moderately damaged.
A white imp comes into view.
You hit PerfectTommy's ghost but do no damage.
PerfectTommy's ghost is moderately damaged.
You barely miss PerfectTommy's ghost.
PerfectTommy's ghost is moderately damaged.
The ice beast hits you but does no damage.
PerfectTommy's ghost is struck by your spines.
PerfectTommy's ghost hits you. Space warps around you.
* * * LOW HITPOINT WARNING * * *
You closely miss PerfectTommy's ghost.
PerfectTommy's ghost is moderately damaged.
You hit PerfectTommy's ghost but do no damage.
PerfectTommy's ghost is moderately damaged.
You hit PerfectTommy's ghost.
PerfectTommy's ghost is moderately damaged.
The ice beast is struck by your spines.
The ice beast hits you but does no damage.
You puncture PerfectTommy's ghost!
PerfectTommy's ghost is heavily damaged.
PerfectTommy's ghost hits you.
* * * LOW HITPOINT WARNING * * *
Space warps around you.
* * * LOW HITPOINT WARNING * * *
Okay, then.
As you read the scroll of teleportation, it crumbles to dust.
You feel strangely unstable. The ice beast is struck by your spines.
The ice beast hits you but does no damage.
PerfectTommy's ghost hits you but does no damage.
Space warps horribly around you!
You die...

# # # # . # #. ###
###. ####..###
#... ..(...5.##
+..# #...Y.Y5.# #
##.# #W@##.#
##.#.. #..#..#
##.#..# ##..#.##
.#.##..##
###...#.#
'#..#...####....##
.
..#.##..........#
.#
..#..#.........##
# ..+..##.......##
..##..###'''###...


You could see 2 ice beasts, PerfectTommy's ghost and 2 white imps.

Vanquished Creatures
  3 two-headed ogres
  The ghost of Bearnado the Protected, a novice MiBe of Trog (D:8)
  Joseph (D:10)
  A troll (D:7)
  2 centaur simulacra (D:11)
  Sigmund (D:3)
  A ynoxinul (D:8)
  A wraith (D:11)
  Grum (Bailey)
  A steam dragon (D:9)
  Menkaure (D:5)
  An acid dragon (D:9)
  2 water moccasins
  A meliai simulacrum (D:11)
  A black bear (D:8)
  A sky beast (D:7)
  An ice beast (D:5)
  An orc warrior (D:6)
  2 ogres
  4 centaurs
  8 wolves (Bailey)
  A phantom (D:6)
  3 kobold brigands
  9 gnoll sergeants (Bailey)
  2 bullfrogs
  2 scorpions (D:5)
  A wyvern skeleton (D:7)
  6 killer bees (D:9)
  4 wights (D:9)
  3 howler monkeys (D:8)
  A bullfrog zombie (D:6)
  2 centaur zombies
  8 crimson imps
  2 bullfrog skeletons
  2 orc priests (D:8)
  9 gnoll shamans
  7 hounds
  A jelly (D:6)
  A centaur skeleton (D:7)
  Jessica (D:3)
  Crazy Yiuf (D:3)
  7 iguanas
  3 orc wizards
  A killer bee zombie (D:7)
  3 howler monkey zombies
  19 gnolls
  5 adders
  A river rat (D:5)
  3 shadow imps
  2 white imps (D:9)
  An ufetubus (D:6)
  An adder skeleton (D:3)
  A worm (D:3)
  4 dart slugs
  15 orcs
  8 ball pythons
  4 bats
  6 endoplasms
  2 giant cockroaches
  9 hobgoblins
  4 jackals (D:3)
  17 kobolds
  4 quokkas
  3 frilled lizards
  8 goblins
  6 rats
239 creatures vanquished.

Vanquished Creatures (others)
  A plant (D:8)
1 creature vanquished.

Grand Total: 240 creatures vanquished

Notes
Turn   | Place    | Note
-------+----------+-------------------------------------------
     0 | D:5      | Snicker the Demonspawn Delver began the quest for the Orb.
     0 | D:5      | Reached XP level 1. HP: 18/18 MP: 1/1
    28 | D:6      | Reached skill level 5 in Stealth
    28 | D:6      | Gained mutation: You are partially covered in sharp spines.
                  | [demonic ancestry]
    28 | D:6      | Reached XP level 2. HP: 8/24 MP: 2/2
    28 | D:6      | Gained mutation: When seriously injured, your blood forms
                  | armour. (AC +6) [demonic ancestry]
    28 | D:6      | Reached XP level 3. HP: 10/29 MP: 3/3
    31 | D:6      | Noticed a phantom
    46 | D:7      | Identified the +10 trident of the Imperium {speed, Will+}
   450 | D:7      | Identified the +6 dagger of Thoughtfulness {protect, Drain
                  | rF+ rC+}
   454 | D:7      | Gained mutation: You have large cloven feet. [demonic
                  | ancestry]
   454 | D:7      | Reached XP level 4. HP: 35/35 MP: 4/4
   495 | D:6      | Noticed a kobold brigand
   786 | D:7      | Gained mutation: Your demonic aura sometimes causes spilled
                  | blood to erupt in flames. [demonic ancestry]
   786 | D:7      | Reached XP level 5. HP: 24/41 MP: 5/5
   916 | D:7      | Noticed a sky beast
   928 | D:7      | Reached skill level 1 in Polearms
   934 | D:7      | Killed a sky beast
   935 | D:7      | Reached skill level 1 in Armour
   935 | D:7      | Gained mutation: You are mostly covered in sharp spines.
                  | [demonic ancestry]
   935 | D:7      | Reached XP level 6. HP: 40/47 MP: 6/6
  1330 | D:8      | Noticed a water moccasin
  1434 | D:5      | Reached skill level 2 in Polearms
  1814 | D:5      | Found Boojutyt's Jewellery Shop.
  1827 | D:5      | Reached XP level 7. HP: 50/53 MP: 7/7
  1855 | D:5      | Reached skill level 3 in Polearms
  1971 | D:5      | Noticed Menkaure
  1977 | D:5      | Killed Menkaure
  2192 | D:5      | Reached skill level 4 in Polearms
  2681 | D:4      | Reached XP level 8. HP: 60/60 MP: 8/8
  2690 | D:4      | Found a staircase to the Ecumenical Temple.
  2699 | Temple   | Entered the Ecumenical Temple
  2956 | Temple   | Became a worshipper of Warmaster Okawaru
  3056 | D:3      | Noticed Sigmund
  3240 | D:1      | Found a faded altar of an unknown god.
  3746 | D:2      | Learned a level 3 spell: Stone Arrow
  3795 | D:2      | Reached skill level 5 in Polearms
  4099 | D:2      | Gained mutation: You are dopey. (Int -2) [potion of
                  | mutation]
  4099 | D:2      | Lost mutation: You are dopey. (Int -2) [potion of mutation]
  4099 | D:2      | Gained mutation: Your spells are a little harder to cast,
                  | but a little more powerful. [potion of mutation]
  4099 | D:2      | Gained mutation: Your spells are harder to cast, but more
                  | powerful. [potion of mutation]
  4195 | D:3      | Killed Sigmund
  4489 | D:3      | Noticed Jessica
  4495 | D:3      | Killed Jessica
  4609 | D:3      | Found a runed translucent door.
  4610 | D:3      | Noticed Crazy Yiuf
  4808 | D:3      | Killed Crazy Yiuf
  5028 | D:4      | Found a broken altar of Ashenzari.
  5381 | D:6      | Reached skill level 6 in Polearms
  5381 | D:6      | Reached skill level 1 in Invocations
  5400 | D:6      | Reached * piety under Okawaru
  5709 | D:6      | Reached skill level 7 in Polearms
  6107 | D:6      | Found a radiant altar of Vehumet.
  6108 | D:6      | Found a burning altar of Makhleb.
  6112 | D:6      | Reached XP level 9. HP: 62/66 MP: 10/10
  6212 | D:6      | Found Dyekled's Fire Supplies.
  6352 | D:8      | Noticed a two-headed ogre
  6363 | D:8      | Killed a two-headed ogre
  6363 | D:8      | Reached ** piety under Okawaru
  6501 | D:7      | Noticed a troll
  6506 | D:7      | Killed a troll
  6507 | D:7      | Reached skill level 5 in Fighting
  6507 | D:7      | Reached skill level 8 in Polearms
  7062 | D:8      | Found a stormy altar of Qazlal.
  7264 | D:8      | Found a hide-covered altar of Uskayaw.
  7368 | D:8      | Reached skill level 9 in Polearms
  7553 | D:8      | Noticed Bearnado's ghost (novice MiBe)
  7556 | D:8      | Found a runed translucent door.
  7867 | D:8      | Reached *** piety under Okawaru
  7882 | D:8      | Killed Bearnado's ghost
  7883 | D:8      | Gained mutation: Your demonic aura often causes spilled
                  | blood to erupt in flames. [demonic ancestry]
  7883 | D:8      | Reached XP level 10. HP: 31/74 MP: 9/12
  8084 | D:8      | Got the Papyrus of Stones
  8275 | D:9      | Found an ancient bone altar of Kikubaaqudgha.
  8389 | D:9      | Found a flagged portal.
  8389 | D:9      | Noticed a two-headed ogre
  8422 | D:10     | Entered Level 10 of the Dungeon
  8621 | Bailey   | Entered a bailey
  8861 | Bailey   | Reached skill level 10 in Polearms
  9300 | Bailey   | Identified the +8 short sword of Doom {vorpal, Will+ rCorr
                  | Int+2}
  9300 | Bailey   | Noticed Grum
  9316 | Bailey   | Killed Grum
  9384 | Bailey   | Reached **** piety under Okawaru
  9432 | Bailey   | Learned a level 1 spell: Foxfire
  9653 | D:9      | Killed a two-headed ogre
  9697 | D:9      | Learned a level 3 spell: Swiftness
  9936 | D:9      | Found a sparkling altar of Nemelex Xobeh.
 10015 | D:9      | Reached skill level 11 in Polearms
 10165 | D:9      | Reached skill level 1 in Air Magic
 10343 | D:10     | Noticed a two-headed ogre
 10348 | D:10     | Killed a two-headed ogre
 10348 | D:10     | Reached ***** piety under Okawaru
 10349 | D:10     | Reached XP level 11. HP: 81/81 MP: 13/13
 10380 | D:10     | Found a sacrificial altar of Ru.
 10417 | D:10     | Found an opulent altar of Gozag.
 10531 | D:10     | Noticed Joseph
 10544 | D:10     | Killed Joseph
 10544 | D:10     | Identified the +1 pair of gloves of Space {Rampage +Inv
                  | rElec rF+} (Okawaru gifted it to you on level 10 of the
                  | Dungeon)
 10544 | D:10     | Received a gift from Okawaru
 10908 | D:10     | Got the Tome of the Beekeeper
 11021 | D:11     | Found a runed translucent gate.
 11021 | D:11     | Found a runed translucent gate.
 11021 | D:11     | Found a runed translucent gate.
 11048 | D:11     | Noticed PerfectTommy's ghost (journeyman MiBe)
 11074 | D:11     | Slain by PerfectTommy's ghost

Illustrated notes

Levels and vault maps discovered:
D:1:      lightli_arrival_noodles, layout_rooms,
          ebering_ecumenical_altar_abandoned
D:2:      layout_basic
D:3:      kennysheep_six_static_rooms, layout_basic, uniq_jessica, uniq_sigmund,
          uniq_crazy_yiuf_cottage
D:4:      layout_loops_ring, ashenzari_altar_1,
          minmay_temple_entry_gardened_gates, minmay_misc_feat_nine_boxes
D:5:      layout_basic, serial_shops, nicolae_inconvenience_store,
          cheibrodos_sewer_entry_sluice, uniq_menkaure
D:6:      layout_cave_pools, grunt_temple_overflow_lords_of_destruction,
          nicolae_shop_fire_sale [nicolae_sub_dead_trees]
D:7:      lemuel_ice_spiral_2, layout_basic, kennysheep_small_square
D:8:      layout_basic, lemuel_coloured_pillars_altar,
          nicolae_uskayaw_murder_on_the_dancefloor, hellmonk_ghost_big_iron
D:9:      layout_roguey, overflow_temple_1_default,
          mainiacjoe_overflow_surrounded_room, enter_bailey_5, minmay_nine_imps
D:10:     layout_irregular_city, lemuel_crystal_altar,
          mainiacjoe_overflow_24_doors, mainiacjoe_overflow_alcove_4,
          uniq_joseph
D:11:     layout_roguey, grunt_lair_entry_orc_guard_hut, gammafunk_ghost_icy,
          minmay_evil_grid
Temple:   hc_temple_tempest_star

Skill      XL: |  1  2  3  4  5  6  7  8  9 10 11 |
---------------+----------------------------------+-----
Short Blades   | 2 |  2.5
Stealth        | 5 6 7 8 9 |  9.3
Dodging        | 2 3 |  3.5
Polearms       | 1 2 4 7 9 11 | 11.3
Armour         | 1 2 3 4 |  4.6
Fighting       | 4 5 6 |  6.4
Invocations    | 1 3 4 |  4.1
Air Magic      | 1 2 |  2.2
Throwing       | |  0.4

Action                   |  1- 3 |  4- 6 |  7- 9 | 10-12 || total
-------------------------+-------+-------+-------+-------++-------
Melee: Short sword       |    12 |       |       |       ||    12
       Trident           |     5 |    43 |   271 |   274 ||   593
       Kick              |       |     1 |       |       ||     1
       Punch             |       |       |     2 |     1 ||     3
Throw: Dart              |       |       |     1 |     2 ||     3
       Throwing net      |       |       |       |     3 ||     3
Invok: Heroism           |       |       |     1 |     2 ||     3
       Finesse           |       |       |       |     1 ||     1
  Use: Potion            |       |       |    10 |     3 ||    13
       Scroll            |       |       |     9 |     2 ||    11
 Stab: Sleeping          |       |     4 |    26 |    10 ||    40
       Distracted        |       |       |     1 |     1 ||     2
       Invisible         |       |       |       |     5 ||     5
       Held in net/web   |       |       |       |     2 ||     2
Armor: Leather armour    |     3 |     9 |    35 |     2 ||    49
       Acid dragon scale |       |       |       |    38 ||    38
       Scale mail        |       |       |       |     5 ||     5
Dodge: Dodged            |    10 |    22 |    96 |    63 ||   191
